 Dungeon Crawl Stone Soup version 0.28.0-53-g5a82cb258f (webtiles) character file.

Game seed: 6980392812898105694

46 safid the Skirmisher (level 3, -2/33 HPs)
             Began as a Hill Orc Fighter on Aug 17, 2022.
             Slain by a goblin
             ... wielding a +0 club
             ... led by Robin
              (5 damage)
             ... on level 1 of the Dungeon.
             The game lasted 00:01:11 (949 turns).

safid the Skirmisher (Hill Orc Fighter)              Turns: 949, Time: 00:01:11

Health: -2/33      AC:  7    Str: 20    XL:     3   Next: 66%
Magic:  3/3        EV:  9    Int:  8    God:
Gold:   63         SH:  4    Dex: 10    Spells: 2/2 levels left

rFire   . . .      SeeInvis .   a - +0 war axe
rCold   . . .      Faith    .   c - +0 buckler
rNeg    . . .      Spirit   .   b - +0 scale mail
rPois   .          Reflect  .   (no helmet)
rElec   .          Harm     .   (no cloak)
rCorr   .          Rampage  .   (no gloves)
Will    .....                   (no boots)
Stlth   ..........              (no amulet)
HPRegen 0.11/turn               (no ring)
MPRegen 0.08/turn               (no ring)

@: no status effects
A: no striking features
a: no special abilities


You were on level 1 of the Dungeon.
You visited 1 branch of the dungeon, and saw 2 of its levels.

You collected 63 gold pieces.

Inventory:

Hand Weapons
 a - a +0 war axe (weapon)
Armour
 b - a +0 scale mail (worn)
 c - a +0 buckler (worn)
Scrolls
 e - a scroll of noise {unknown}
 f - 2 scrolls of identify {unknown}
 h - 3 scrolls of torment {unknown}
Potions
 d - 2 potions of might
 g - a potion of ambrosia {unknown}


   Skills:
 - Level 4.0 Fighting
 + Level 3.5 Axes
 + Level 3.8 Armour
 + Level 3.8 Shields


You had 2 spell levels left.
You didn't know any spells.
Your spell library was empty.

Dungeon Overview and Level Annotations

Branches:
Dungeon (2/15)

Altars:

Annotations:
D:2 Robin


Message History

You are too injured to fight recklessly!
You are too injured to fight recklessly!
You are too injured to fight recklessly!
You are too injured to fight recklessly!
You are too injured to fight recklessly!
You are too injured to fight recklessly!
You are too injured to fight recklessly!
You are too injured to fight recklessly!
You are too injured to fight recklessly!
You are too injured to fight recklessly!
You are too injured to fight recklessly!
You are too injured to fight recklessly!
Unknown command.
The goblin closely misses you. Robin completely misses you.
The goblin hits you with a +0 club.
* * * LOW HITPOINT WARNING * * *
Robin roars a battlecry!
Robin roars a battlecry!
The goblin goes into a battle-frenzy!
Robin says, "A pitiful Hill Orc like you will never find the ORB!"
Robin says, "Bow before me, strongest of all the hobgoblins!"
The goblin hits you with a +0 club.
* * * LOW HITPOINT WARNING * * *
Robin throws the goblin at you! The goblin hits you but does no damage.
There is a stone staircase leading up here.
Unknown command.
The goblin hits you but does no damage. The goblin misses you.
You climb upwards.
There is a stone staircase leading down here.
Unknown command.
You hit the goblin.
The goblin is heavily wounded.
You hit the goblin. The goblin barely misses you.
The goblin hits you with a +0 club.
* * * LOW HITPOINT WARNING * * *
Unknown command.
You barely miss the goblin.
The goblin is heavily wounded.
You closely miss the goblin. The goblin hits you with a +0 club.
You die...

######## #.......
#.###### #######
#####.# #...g@#
#.....#### #
#...g.#####........###
#....†'...............
#.....###........#.###
####### #.######.#.#..
#.# #.#.#.# #.#
#.#.#.# #.# #.#.#.#
#.# #.#...#


You could see 2 goblins.

Vanquished Creatures
  A worm (D:2)
  2 bats (D:1)
  3 endoplasms (D:1)
  2 giant cockroaches
  A goblin (D:1)
  7 hobgoblins
  5 kobolds
  5 quokkas
  5 ball pythons (D:1)
  4 frilled lizards
  3 rats (D:1)
38 creatures vanquished.

Notes
Turn   | Place    | Note
-------+----------+-------------------------------------------
     0 | D:1      | safid the Hill Orc Fighter began the quest for the Orb.
     0 | D:1      | Reached XP level 1. HP: 19/19 MP: 1/1
   154 | D:1      | Reached XP level 2. HP: 27/27 MP: 2/2
   535 | D:1      | Found a faded altar of an unknown god.
   578 | D:1      | Reached skill level 4 in Fighting
   580 | D:1      | Reached XP level 3. HP: 32/33 MP: 3/3
   920 | D:2      | Noticed Robin
   949 | D:1      | Slain by a goblin

Illustrated notes

Levels and vault maps discovered:
D:1:      roderic_chinese_lattice_arrival, layout_basic,
          shapermc_ecumenical_altar_totnotflames, hangedman_decor_growths
D:2:      cheibrodos_helix_gallery, layout_rooms, roderic_serpentine_path,
          uniq_robin, uniq_crazy_yiuf_cottage, uniq_jessica

Skill      XL: |  1  2 |
---------------+-------+-----
Axes           | 3 |  3.5
Fighting       | 4 |  4.0
Armour         | |  3.8
Shields        | |  3.8

Action                   || total
-------------------------++-------
Melee: War axe           ||    90
Armor: Scale mail        ||    41
Dodge: Dodged            ||    52
Block: Buckler           ||    12
